 Dungeon Crawl Stone Soup version 0.22-a0-587-g7d32d7c (webtiles) character file.

97017 vineage the Severer (level 16, -11/138 HPs)
             Began as a Formicid Fighter on July 4, 2018.
             Was the Champion of Okawaru.
             Mangled by a spriggan rider
             ... wielding a +0 spear
              (36 damage)
             ... on level 6 of the Lair of Beasts.
             The game lasted 00:51:36 (24827 turns).

vineage the Severer (Formicid Fighter)             Turns: 24827, Time: 00:51:36

Health: -11/138    AC: 35    Str: 23    XL:     16   Next: 68%
Magic:  16/16      EV:  4    Int: 22    God:    Okawaru [******]
Gold:   1568       SH:  0    Dex: 15    Spells: 15/15 levels left

rFire    + . .     SeeInvis +   a - +1 executioner's axe "Yhyafye" {chop, *Drain MR+ Int+10}
rCold    + . .     Gourm    +   c - +0 shield
rNeg     . . .     Faith    .   M - +9 crystal plate armour of Xom's Supremacy {MR+}
rPois    +         Spirit   .   (helmet unavailable)
rElec    .         Reflect  .   R - scarf {rC+ rF+}
rCorr    .         Harm     .   N - +0 pair of gloves
MR       +++..                  u - +1 pair of boots of Life {+Fly rPois}
Stlth    ..........             h - amulet of the gourmand
HPRegen  0.33/turn              i - +2 ring of intelligence
MPRegen  0.15/turn              C - ring of poison resistance

@: sleeping, flying, heavily drained
A: permanent stasis, dig shafts and tunnels, four strong arms, antennae 3,
molten scales 1, agile 1, shaggy fur 1
a: Dig, Shaft Self, Heroism, Finesse, Renounce Religion


You were on level 6 of the Lair of Beasts.
You worshipped Okawaru.
Okawaru was exalted by your worship.
You were not hungry.

You visited 3 branches of the dungeon, and saw 22 of its levels.
You also visited: Labyrinth.

You collected 1792 gold pieces.
You spent 224 gold pieces at shops.

Inventory:

Hand Weapons
 a - the +1 executioner's axe "Yhyafye" (weapon) {chop, *Drain MR+ Int+10}
   (You acquired it on level 15 of the Dungeon)

   It inflicts extra damage upon your enemies.
   It affects your intelligence (+10).
   It affects your resistance to hostile enchantments.
   It causes draining when unequipped.
 b - a +1 broad axe of chopping
 n - a +2 war axe of draining
 v - a +2 whip of flaming
Armour
 c - a +0 shield (worn)
 k - a +0 cloak
 u - the +1 pair of boots of Life (worn) {+Fly rPois}
   (You found it on level 8 of the Dungeon)

   It protects you from poison.
   It lets you fly.
 A - the +17 plate armour of the Unbroken {rF+}
   (Okawaru gifted it to you on level 10 of the Dungeon)

   It protects you from fire.
 M - the +9 crystal plate armour of Xom's Supremacy (worn) {MR+}
   (You acquired it on level 3 of the Lair of Beasts)

   It affects your resistance to hostile enchantments.
 N - a +0 pair of gloves (worn)
 R - a scarf of resistance (worn)
Jewellery
 h - an amulet of the gourmand (around neck)
 i - a +2 ring of intelligence (left hand)
 C - a ring of poison resistance (right hand)
 S - an uncursed ring of fire {unknown}
 T - an uncursed amulet of harm {unknown}
Wands
 r - a wand of disintegration (75)
 x - a wand of flame (53)
 y - a wand of clouds (9)
 D - a wand of polymorph (15)
 G - a wand of iceblast (15)
 H - a wand of acid (26)
 P - a wand of paralysis (16)
 Q - a wand of random effects (43)
Scrolls
 d - 5 scrolls of fog
 e - 9 scrolls of magic mapping
 p - 10 scrolls of remove curse
 q - 7 scrolls of amnesia
 w - 8 scrolls of identify
 F - a scroll of enchant weapon
 I - a scroll of silence
 K - 3 scrolls of enchant armour
 U - a scroll of holy word {unknown}
Potions
 g - a potion of resistance
 j - 4 potions of flight
 l - 4 potions of curing
 m - 5 potions of haste
 o - a potion of heal wounds
 s - 4 potions of brilliance
 t - 4 potions of lignification
 z - a potion of degeneration
 B - 2 potions of cancellation
 E - 3 potions of mutation
 J - a potion of ambrosia
 L - a potion of might
 O - a potion of berserk rage
Comestibles
 f - 40 rations


   Skills:
 + Level 15.8(13.8) Fighting
 * Level 17.5(15.5) Axes
 - Level 2.2(10.2) Maces & Flails
 + Level 11.3(9.5) Armour
 + Level 0.3(0.0) Dodging
 + Level 0.1(0.0) Stealth
 + Level 14.7(12.7) Shields
 - Level 1.0(0.0) Invocations


You had 15 spell levels left.
You didn't know any spells.
Your spell library contained the following spells:

 Spells                   Type           Power        Failure   Level  Hunger
 Magic Dart               Conj           #...         100%        1    ##.....
 Apportation              Tloc           #.....       100%        1    ##.....
 Conjure Flame            Conj/Fire      #.......     100%        3    ####...
 Bolt of Magma            Conj/Fire/Erth #.........   100%        5    ######.
 Slow                     Hex            #.......     100%        2    ###....
 Confuse                  Hex            #.......     100%        3    ####...
 Mephitic Cloud           Conj/Pois/Air  #.......     100%        3    ####...
 Summon Small Mammal      Summ           #...         100%        1    ##.....
 Blink                    Tloc           N/A          100%        2    ###....
 Animate Skeleton         Necr           N/A          100%        1    ##.....
 Call Imp                 Summ           #.......     100%        2    ###....
 Iron Shot                Conj/Erth      #.........   100%        6    #######
 Stone Arrow              Conj/Erth      #.....       100%        3    ####...
 Confusing Touch          Hex            #.....       100%        1    ##.....
 Passwall                 Tmut/Erth      #.......     100%        2    ###....
 Metabolic Englaciation   Hex/Ice        #.........   100%        5    ######.
 Lee's Rapid Deconstruct  Erth           #.........   100%        5    ######.
 Sandblast                Erth           #.....       100%        1    ##.....
 Petrify                  Tmut/Erth      #.......     100%        4    #####..
 Gell's Gravitas          Tloc           #.........   100%        3    ####...
 Yara's Violent Unravell  Hex/Tmut       #.........   100%        5    ######.
 Borgnjor's Vile Clutch   Necr/Erth      #.........   100%        5    ######.


Dungeon Overview and Level Annotations

Branches:
Dungeon (15/15)            Temple (1/1) D:6            Lair (6/6) D:9
  Swamp (0/4) Lair:3       Spider (0/4) Lair:2          Orc (0/2) D:10
 Vaults (0/5) D:13         Depths (0/5) D:15
  Slime: Lair:5-6

Altars:
Ashenzari
Cheibriados
Dithmenos
Elyvilon
Fedhas
Gozag
Hepliaklqana
Kikubaaqudgha
Makhleb
Nemelex Xobeh
Okawaru
Qazlal
Ru
Sif Muna
Trog
Uskayaw
Vehumet
Wu Jian
Xom
Yredelemnul
Zin
The Shining One
Beogh

Shops:
D:6 !   D:8 ?   D:12 [   D:15 :

Annotations:
D:8 3 runed doors, B1inky's ghost, novice OpGl


Innate Abilities, Weirdness & Mutations

You cannot be hasted, slowed, berserked, paralysed or teleported.
You can dig through walls and to a lower floor.
Your four strong arms can wield two-handed weapons with a shield.
You have a pair of large antennae on your head. (SInv)
You are partially covered in molten scales. (AC +2)
You are agile. (Dex +2)
You are covered in fur. (AC +1)


Message History

* * * LOW HITPOINT WARNING * * *
You block the polar bear's attack. x2
The spiny frog stings you but does no damage.
The boggart mumbles some strange words.
The boggart flickers and vanishes for a moment.
The spriggan rider hits you from afar with a spear.
* * * LOW HITPOINT WARNING * * *
The polar bear goes berserk!
The spiny frog stings you but does no damage.
You slice the spiny frog like a ripe choko!!!
You kill the spiny frog!
The spiny frog's corpse dissolves into shadows!
You hit the polar bear but do no damage.
You block the polar bear's attack.
The polar bear claws you but does no damage.
You block the polar bear's attack.
The dream sheep shakes its wool and sparkles.
You feel drowsy...
You fall asleep.
The spriggan rider hits you from afar with a spear!!!
You die...

..... .....
..... ..... ♣♣♣♣
..+.# .!..♣
.P.## ♣♣.....
P.... ♣♣FF.....
.....#
♣♣♣hgYF.... #
...# .. ♣♣.†@♣ {
##........♣
♣.i♣♣♣ #...#
....♣♣♣..♣
.#..##P...♣♣..♣♣
..#.#.....♣♣.♣♣
♣
..........♣♣..♣♣
♣.. .........♣
♣...♣♣♣♣....
#..##..♣♣
♣♣♣†......♣
###.....♣
♣♣..♣♣♣♣♣


You could see a spriggan rider, a polar bear (berserk), 3 blink frogs, a dream
sheep and a boggart (invisible).

Vanquished Creatures
  A sphinx (D:15)
  A fire giant (D:15)
  A minotaur (Lab)
  The ghost of Lerodd the Severer, a journeyman DDFi of Makhleb (D:12)
  Josephine (D:10)
  A fire dragon (D:12)
  The ghost of Deathmic the Severer, a journeyman HOFi of Yredelemnul (D:13)
  A great orb of eyes (D:12)
  8 hydras
  12 two-headed ogres
  6 centaur warriors
  An ogre mage (D:13)
  Urug (D:12)
  Nergalle (Lair:1)
  5 skeletal warriors
  An unseen horror (D:12)
  A necromancer (D:15)
  2 orc knights (D:12)
  An orc sorcerer (D:15)
  13 ugly things
  6 cyclopes
  2 deep elf magi (D:12)
  An oklob plant (Lair:3)
  4 manticores
  An elephant (shapeshifter) (D:14)
  8 elephants
  2 black mambas
  2 centaur zombies
  3 naga magi (D:15)
  Joseph (Lair:1)
  Maurice (D:12)
  8 spiny frogs
  3 gargoyles
  A kobold demonologist (D:13)
  A rime drake (Lair:4)
  5 komodo dragons
  2 efreet (D:12)
  8 trolls
  9 meliai
  6 polar bears
  2 queen bees
  12 blink frogs
  A wolf spider simulacrum (D:15)
  2 hornets
  A wind drake (shapeshifter) (D:12)
  7 slime creatures (D:12)
  A centaur simulacrum (D:12)
  9 hippogriffs
  5 spriggans (Lair:6)
  2 shadows
  Sigmund (D:5)
  A wyvern (D:10)
  9 wraiths
  3 vampires
  A tarantella (Lair:2)
  61 yaks
  9 vampire mosquitoes
  4 basilisks
  3 hungry ghosts
  A human (shapeshifter) (D:15)
  Grum (D:11)
  Menkaure (D:7)
  A soldier ant (D:12)
  An acid dragon (D:12)
  15 water moccasins
  12 porcupines
  10 orc warriors
  5 sky beasts
  5 ice beasts
  3 phantoms
  4 black bears
  2 eyes of draining
  2 necrophages
  30 wolves
  12 ogres
  11 crocodiles
  9 centaurs
  7 big kobolds
  19 bullfrogs
  A wyvern skeleton (D:13)
  8 scorpions
  36 killer bees
  A vampire bat (Lair:1)
  4 wights
  2 howler monkeys (D:12)
  13 crimson imps
  A bullfrog zombie (D:12)
  5 jellies
  9 hounds
  A quasit (D:15)
  13 orc priests
  5 bullfrog skeletons
  7 centaur skeletons
  8 iguanas
  9 orc wizards
  14 worker ants
  8 hell rats
  A killer bee zombie (D:5)
  3 hound skeletons
  10 gnolls
  A howler monkey skeleton (D:5)
  10 adders
  8 river rats (Lair:5)
  3 shadow imps
  12 white imps (D:13)
  3 oozes
  An adder skeleton (D:6)
  A worm (D:3)
  3 dart slugs
  2 leopard geckos (D:8)
  51 orcs
  9 bats
  9 giant cockroaches
  11 hobgoblins
  7 jackals
  12 kobolds
  5 quokkas
  A ball python (D:2)
  4 frilled lizards
  7 goblins
  A leopard gecko skeleton (D:7)
  A leopard gecko zombie (D:6)
  A quokka skeleton (D:4)
  6 rats
  A bush (Lair:5)
  5 plants
753 creatures vanquished.

Vanquished Creatures (others)
  A centaur simulacrum (D:12)
  An orc wizard (D:7)
  15 fungi
  13 plants
30 creatures vanquished.

Grand Total: 783 creatures vanquished

Notes
Turn   | Place    | Note
-------+----------+-------------------------------------------
     0 | D:1      | vineage the Formicid Fighter began the quest for the Orb.
     0 | D:1      | Reached XP level 1. HP: 18/18 MP: 1/1
   161 | D:1      | Reached XP level 2. HP: 21/24 MP: 2/2
   385 | D:1      | Reached XP level 3. HP: 24/30 MP: 3/3
   974 | D:2      | Reached XP level 4. HP: 11/37 MP: 4/4
  1235 | D:2      | Found a stormy altar of Qazlal.
  1562 | D:2      | Found a blossoming altar of Fedhas.
  1715 | D:3      | Reached skill level 3 in Axes
  1783 | D:3      | Found an ornate altar of the Wu Jian Council.
  1823 | D:3      | Reached XP level 5. HP: 34/42 MP: 5/5
  1984 | D:3      | Found a shadowy altar of Dithmenos.
  2043 | D:3      | Found a white marble altar of Elyvilon.
  2223 | D:3      | Found a glowing golden altar of the Shining One.
  2441 | D:4      | Reached XP level 6. HP: 43/49 MP: 6/6
  2551 | D:4      | Noticed an ogre
  2556 | D:4      | Killed an ogre
  2556 | D:4      | Reached skill level 4 in Axes
  2748 | D:4      | Found a shimmering altar of Xom.
  2949 | D:4      | Reached XP level 7. HP: 26/55 MP: 7/7
  2954 | D:4      | Reached skill level 5 in Fighting
  3192 | D:4      | Reached skill level 5 in Axes
  3197 | D:4      | Reached skill level 5 in Armour
  3549 | D:5      | Entered Level 5 of the Dungeon
  3561 | D:5      | Reached skill level 5 in Shields
  3562 | D:5      | Reached XP level 8. HP: 52/63 MP: 8/8
  3587 | D:5      | Noticed Sigmund
  3592 | D:5      | Killed Sigmund
  3592 | D:5      | Reached skill level 6 in Axes
  3978 | D:5      | Reached skill level 7 in Axes
  4342 | D:5      | Gained mutation: You are partially covered in icy blue scales. (AC +2) [potion of mutation]
  4342 | D:5      | Gained mutation: You are weak. (Str -2) [potion of mutation]
  4342 | D:5      | Gained mutation: You are partially covered in slimy green scales. (AC +2) [potion of mutation]
  4375 | D:6      | Found a staircase to the Ecumenical Temple.
  4382 | D:6      | Reached XP level 9. HP: 71/71 MP: 9/9
  4392 | D:6      | Found Ytidweun's Distillery.
  4397 | Temple   | Entered the Ecumenical Temple
  4441 | Temple   | Became a worshipper of Warmaster Okawaru
  4503 | D:6      | Bought a potion of mutation for 112 gold pieces
  4503 | D:6      | Bought a potion of curing for 42 gold pieces
  4503 | D:6      | Bought a potion of heal wounds for 70 gold pieces
  4503 | D:6      | Lost mutation: You are weak. (Str -2) [potion of mutation]
  4503 | D:6      | Lost mutation: You are partially covered in slimy green scales. (AC +2) [potion of mutation]
  4503 | D:6      | Lost mutation: You are partially covered in icy blue scales. (AC +2) [potion of mutation]
  4503 | D:6      | Gained mutation: You are covered in fur. (AC +1) [potion of mutation]
  4503 | D:6      | Gained mutation: You are partially covered in molten scales. (AC +2) [potion of mutation]
  4503 | D:6      | Gained mutation: You are agile. (Dex +2) [potion of mutation]
  4599 | D:6      | Found a sacrificial altar of Ru.
  4666 | D:6      | Found a snail-covered altar of Cheibriados.
  4959 | D:7      | Noticed Menkaure
  4971 | D:7      | Killed Menkaure
  4971 | D:7      | Reached * piety under Okawaru
  5256 | D:7      | Reached skill level 8 in Axes
  5401 | D:7      | Found a shattered altar of Ashenzari.
  5586 | D:7      | Reached ** piety under Okawaru
  5981 | D:8      | Got a pair of transparent boots
  5992 | D:8      | Identified the +1 pair of boots of Life {+Fly rPois} (You found it on level 8 of the Dungeon)
  6016 | D:8      | Reached XP level 10. HP: 80/80 MP: 10/10
  6039 | D:8      | Found Kaluppes's Magic Scroll Shop.
  6057 | D:8      | Found a runed gate.
  6060 | D:8      | Found a runed gate.
  6060 | D:8      | Found a runed gate.
  6060 | D:8      | Noticed B1inky's ghost (novice OpGl)
  6061 | D:8      | Noticed an 11-headed hydra
  6279 | D:8      | Reached skill level 9 in Axes
  6861 | D:9      | Reached *** piety under Okawaru
  7026 | D:9      | Found a staircase to the Lair.
  7027 | D:9      | Noticed a two-headed ogre
  7042 | D:9      | Killed a two-headed ogre
  7042 | D:9      | Received a gift from Okawaru
  7042 | D:9      | Reached skill level 10 in Axes
  7106 | D:9      | Reached **** piety under Okawaru
  7121 | D:9      | Found a sparkling altar of Nemelex Xobeh.
  7153 | D:9      | Found a radiant altar of Vehumet.
  7217 | D:9      | Reached XP level 11. HP: 39/89 MP: 8/11
  7706 | D:9      | Found a basalt altar of Yredelemnul.
  7714 | D:9      | Found an opulent altar of Gozag.
  7875 | D:9      | Noticed a two-headed ogre
  7887 | D:9      | Killed a two-headed ogre
  7887 | D:9      | Reached ***** piety under Okawaru
  7887 | D:9      | Reached skill level 10 in Fighting
  8095 | D:9      | Received a gift from Okawaru
  8259 | D:10     | Entered Level 10 of the Dungeon
  8283 | D:10     | Reached skill level 11 in Axes
  8294 | D:10     | Received a gift from Okawaru
  8297 | D:10     | Got a pitted plate armour {god gift}
  8308 | D:10     | Identified the +17 plate armour of the Unbroken {rF+} (Okawaru gifted it to you on level 10 of the Dungeon)
  8327 | D:10     | Noticed a two-headed ogre
  8335 | D:10     | Killed a two-headed ogre
  8347 | D:10     | Found a staircase to the Orcish Mines.
  8396 | D:10     | Noticed Josephine
  8418 | D:10     | Killed Josephine
  8844 | D:10     | Reached XP level 12. HP: 88/99 MP: 12/12
  8845 | D:10     | Found a sacrificial altar of Ru.
  9083 | D:10     | Noticed a centaur warrior
  9096 | D:10     | Killed a centaur warrior
  9429 | D:11     | Noticed a centaur warrior
  9442 | D:11     | Killed a centaur warrior
  9442 | D:11     | Reached skill level 12 in Axes
  9554 | D:11     | Noticed a six-headed hydra
  9567 | D:11     | Killed a six-headed hydra
  9567 | D:11     | Reached skill level 10 in Shields
  9992 | D:11     | Noticed Grum
 10005 | D:11     | Killed Grum
 10062 | D:11     | Received a gift from Okawaru
 10337 | D:12     | Found a runed gate.
 10337 | D:12     | Found a runed gate.
 10354 | D:12     | Noticed a skeletal warrior
 10370 | D:12     | Killed a skeletal warrior
 10396 | D:12     | Noticed a skeletal warrior
 10424 | D:12     | Killed a skeletal warrior
 10636 | D:12     | Noticed a skeletal warrior
 10663 | D:12     | Killed a skeletal warrior
 10811 | D:12     | Noticed a skeletal warrior
 11113 | D:12     | Noticed Urug
 11134 | D:12     | Killed Urug
 11432 | D:12     | Found Voptegg's Armour Shoppe.
 11448 | D:12     | Reached XP level 13. HP: 81/108 MP: 13/13
 11540 | D:12     | Noticed Lerodd's ghost (journeyman DDFi)
 11542 | D:12     | Found a roughly hewn altar of Beogh.
 11542 | D:12     | Found a runed gate.
 11599 | D:12     | Reached skill level 13 in Axes
 11631 | D:12     | Killed Lerodd's ghost
 11640 | D:12     | Reached skill level 1 in Invocations
 12256 | D:12     | Noticed Maurice
 12264 | D:12     | Killed Maurice
 12373 | D:12     | Noticed an eight-headed hydra
 12374 | D:12     | Found a runed door.
 12777 | D:12     | Identified the Guide on the Venomous Mountains
 12800 | D:12     | Reached ****** piety under Okawaru
 12960 | D:12     | Received a gift from Okawaru
 13016 | D:12     | Reached skill level 14 in Axes
 13026 | D:12     | Killed an eight-headed hydra
 13026 | D:12     | Reached skill level 1 in Maces & Flails
 13081 | D:12     | Noticed a great orb of eyes
 13090 | D:12     | Killed a great orb of eyes
 13090 | D:12     | Reached XP level 14. HP: 112/118 MP: 14/14
 13538 | D:13     | Reached skill level 10 in Armour
 13737 | D:13     | Received a gift from Okawaru
 13798 | D:13     | Found a gate to the Vaults.
 13992 | D:13     | Received a gift from Okawaru
 14378 | D:13     | Reached skill level 15 in Axes
 14451 | D:13     | Found a runed gate.
 14451 | D:13     | Found a runed gate.
 14451 | D:13     | Found a runed gate.
 14451 | D:13     | Noticed Deathmic's ghost (journeyman HOFi)
 14528 | D:13     | Killed Deathmic's ghost
 15186 | D:14     | Reached XP level 15. HP: 108/127 MP: 15/15
 15630 | D:14     | Found a roughly hewn altar of Beogh.
 15638 | D:14     | Got a jewelled rapier {flame}
 15828 | D:14     | Reached skill level 15 in Fighting
 16000 | D:14     | Identified the +9 rapier of Genan {flame, rPois rF++ Stlth+} (You took it off an orc on level 14 of the Dungeon)
 16003 | D:15     | Entered Level 15 of the Dungeon
 16163 | D:15     | Found Ysmey's Book Shop.
 16230 | D:15     | Found a labyrinth entrance.
 16242 | Lab      | Entered a labyrinth
 16581 | D:15     | Found a sacrificial altar of Ru.
 16790 | D:15     | Received a gift from Okawaru
 16797 | D:15     | Got a brightly glowing fustibalus {god gift}
 16924 | D:15     | Found a staircase to the Depths.
 17212 | D:15     | Noticed a fire giant
 17212 | D:15     | Noticed a sphinx
 17233 | D:15     | Killed a sphinx
 17250 | D:15     | Killed a fire giant
 17598 | D:15     | Identified a scroll of acquirement
 17602 | D:15     | Got a scorched executioner's axe
 17603 | D:15     | Identified the +1 executioner's axe "Yhyafye" {chop, *Drain MR+ Int+10} (You acquired it on level 15 of the Dungeon)
 18126 | Lair:1   | Entered Level 1 of the Lair of Beasts
 18126 | Lair:1   | Noticed Joseph
 18143 | Lair:1   | Killed Joseph
 18316 | Lair:1   | Reached skill level 16 in Axes
 18551 | Lair:1   | Received a gift from Okawaru
 19011 | Lair:1   | Noticed Nergalle
 19020 | Lair:1   | Killed Nergalle
 19664 | Lair:2   | Reached XP level 16. HP: 129/136 MP: 16/16
 19693 | Lair:2   | Found a hole to the Spider Nest.
 20536 | Lair:3   | Got an ichor-stained plate armour
 20561 | Lair:3   | Identified the +3 plate armour "Esacyhaj" {MR+} (You found it on level 3 of the Lair of Beasts)
 20590 | Lair:3   | Got a steaming crystal plate armour
 20591 | Lair:3   | Identified the +9 crystal plate armour of Xom's Supremacy {MR+} (You acquired it on level 3 of the Lair of Beasts)
 20893 | Lair:3   | Found a staircase to the Swamp.
 20965 | Lair:3   | Received a gift from Okawaru
 22361 | Lair:4   | Reached skill level 17 in Axes
 24272 | Lair:6   | Entered Level 6 of the Lair of Beasts
 24827 | Lair:6   | Mangled by a spriggan rider

Vault maps used:
D:1:      dpeg_arrival_long_road
D:2:      nicolae_qazlal_eye_of_the_storm, fedhas_altar_4
D:3:      marbit_many_paths, elyvilon_altar_4, lemuel_round_altar,
          lemuel_crystal_altar, due_unseen_surprise
D:4:      lemuel_doored_altar, grunt_ministairs_2, minmay_misc_feat_x,
          kennysheep_dice
D:5:      first_ration, minivault_25, uniq_sigmund
D:6:      old_standard_altar, lemuel_round_altar,
          minmay_temple_entry_statues_fountains, serial_shops, shop,
          kennysheep_flooded_box
D:7:      cheibrodos_ashenzari_chains, uniq_menkaure
D:8:      gammafunk_ghost_hydra_chop, serial_shops, shop_fountains
D:9:      yredelemnul_altar_generic, overflow_temple_1_default,
          vehumet_altar_wand_db, minmay_lair_entry_grove, basic_altar,
          david_nohive_1
D:10:     cheibrodos_two_vegetables, david_orc_2, nicolae_ru_awakened_eye,
          uniq_josephine
D:11:     serial_glass, glass_columns_a, glass_columns_c, glass_columns_a,
          glass_columns_a, glass_columns_b, kennysheep_doodads,
          skrybe_limestone_x, uniq_grum
D:12:     minmay_the_grid_square_5x5_5x5, serial_shops, shop,
          biasface_ghost_orc_armoury, uniq_maurice, uniq_urug
D:13:     hangedman_vaults_entry_quadrant_bands, portal_ice_cave_entry_imps,
          gammafunk_ghost_hydra_chop, kennysheep_potato
D:14:     special_room, serial_park_square1
D:15:     grunt_enter_depths_magical_seal, basic_altar, lab_entry_generic,
          serial_shops, shop, kennysheep_inner_square
Temple:   jpeg_temple_island
Lair:1:   roderic_batcave, lemuel_fruit_tree, uniq_joseph, uniq_nergalle
Lair:2:   beast_lair_carwin_large_4, spider_nest_entry_rubble, minmay_holes,
          nicolae_quartered_pool_little, cheibrodos_lair_lostbears
Lair:3:   minmay_swamp_entry_swarm, serial_bayou_crossing,
          minmay_lair_oklob_chamber
Lair:4:   infiniplex_staircase_pool_2
Lair:5:   special_room, kennysheep_rathole
Lair:6:   minmay_lair_end_enchanted_forest, minmay_slime_entry_oklob_enclosed,
          bobbens_ice_dragon_lair
Lab:      nicolae_lab_big_swirl

Skill      XL: |  1  2  3  4  5  6  7  8  9 10 11 12 13 14 15 16 |
---------------+-------------------------------------------------+-----
Shields        | 4 5 6 7 9 10 12 13 14 | 14.7
Fighting       | 4 5 6 8 9 10 12 13 14 15 | 15.8
Axes           | 3 4 5 7 8 10 11 12 14 15 16 17 | 17.5
Armour         | 4 5 6 7 8 9 10 11 | 11.3
Invocations    | 1 |  1.0
Maces & Flails | 1 2 |  2.2
Dodging        | |  0.3
Stealth        | |  0.1

Action                   |  1- 3 |  4- 6 |  7- 9 | 10-12 | 13-15 | 16-18 || total
-------------------------+-------+-------+-------+-------+-------+-------++-------
Melee: War axe           |    98 |   141 |   279 |   668 |   540 |       ||  1726
       Whip              |       |       |       |    16 |    92 |    31 ||   139
       Broad axe         |       |       |       |       |   494 |       ||   494
       Executioner's axe |       |       |       |       |   172 |   481 ||   653
       Rapier            |       |       |       |       |     3 |       ||     3
Invok: Heroism           |       |       |       |     4 |     6 |     1 ||    11
 Abil: Dig               |       |       |       |     4 |     8 |     1 ||    13
Evoke: Wand              |       |       |       |       |       |    13 ||    13
  Use: Scroll            |       |     8 |     5 |       |    14 |     4 ||    31
       Potion            |       |     5 |     2 |     5 |     6 |     7 ||    25
 Stab: Distracted        |       |       |       |       |     1 |       ||     1
  Eat: Chunk             |       |     6 |    10 |    17 |    16 |     9 ||    58
       Ration            |       |       |     1 |     1 |     5 |     2 ||     9
Armor: Scale mail        |    47 |    42 |    98 |    63 |       |       ||   250
       Plate armour      |       |       |       |   273 |   719 |    65 ||  1057
       Crystal plate arm |       |       |       |       |       |   553 ||   553
Dodge: Dodged            |    30 |    54 |    79 |   176 |   278 |   164 ||   781
Block: Shield            |    44 |    77 |   145 |   400 |   734 |   526 ||  1926

Table legend:
 A = Spawn XP
 B = Non-spawn XP
 C = Spawn XP percentage of total XP
 D = Spawn monster count
 E = Non-spawn monster count
 F = Spawn count percentage of total count
 G = Total turns spent on level
                    A         B        C        D         E        F      G
               +---------+---------+-------+---------+---------+-------+---------
         Total |       0 |  138596 |   0.0 |       0 |     748 |   0.0 | 24827
               +---------+---------+-------+---------+---------+-------+---------
           D:1 |       0 |      33 |   0.0 |       0 |      18 |   0.0 |   684
           D:2 |       0 |      86 |   0.0 |       0 |      16 |   0.0 |  1019
           D:3 |       0 |      96 |   0.0 |       0 |      25 |   0.0 |   631
           D:4 |       0 |     768 |   0.0 |       0 |      27 |   0.0 |  1215
           D:5 |       0 |     976 |   0.0 |       0 |      23 |   0.0 |   825
           D:6 |       0 |     443 |   0.0 |       0 |      15 |   0.0 |   498
           D:7 |       0 |    1399 |   0.0 |       0 |      28 |   0.0 |  1013
           D:8 |       0 |     774 |   0.0 |       0 |      15 |   0.0 |   839
           D:9 |       0 |    5796 |   0.0 |       0 |      51 |   0.0 |  1481
          D:10 |       0 |    6720 |   0.0 |       0 |      34 |   0.0 |  1097
          D:11 |       0 |    4593 |   0.0 |       0 |      22 |   0.0 |   989
          D:12 |       0 |   28282 |   0.0 |       0 |     101 |   0.0 |  3183
          D:13 |       0 |   19173 |   0.0 |       0 |      81 |   0.0 |  1547
          D:14 |       0 |   11545 |   0.0 |       0 |      52 |   0.0 |  1007
          D:15 |       0 |   15244 |   0.0 |       0 |      34 |   0.0 |  1841
        Lair:1 |       0 |    6435 |   0.0 |       0 |      31 |   0.0 |  1321
        Lair:2 |       0 |    6025 |   0.0 |       0 |      33 |   0.0 |  1067
        Lair:3 |       0 |    7648 |   0.0 |       0 |      33 |   0.0 |  1094
        Lair:4 |       0 |    7799 |   0.0 |       0 |      37 |   0.0 |   937
        Lair:5 |       0 |    4779 |   0.0 |       0 |      35 |   0.0 |  1727
        Lair:6 |       0 |    8365 |   0.0 |       0 |      34 |   0.0 |   555
           Lab |       0 |    1617 |   0.0 |       0 |       3 |   0.0 |   172
               +---------+---------+-------+---------+---------+-------+---------
